Map: Dusk Towers

Players

capac - Winner!

  • Race: Terran Terran
  • League: Gold

zeverus

  • Race: Protoss Protoss
  • League: Gold

VOD

Have the link to the VOD?

Description

Time

  • Played on: May 8, 2016, 11:42 a.m.
  • Length: 14:02
Show
View Real Time Build Order
Export as new Build Order

capac Terran - Winner!

Build Orders: Reaper Expand, MMM Bio 

Get SALT Encoding   

  12  0:00  SCV  
  13  0:13  SCV  
  14  0:19  Supply Depot  
  14  0:25  SCV  
  15  0:40  SCV  
  15  0:42  Barracks  
  16  0:44  Refinery  
  16  0:56  SCV  
  17  1:08  SCV  
  18  1:20  SCV  
  19  1:30  Reaper  
  19  1:32  Orbital Command  
  20  1:49  Command Center  
  20  1:55  Supply Depot  
  20  1:57  SCV  
  21  2:01  Marine  
  22  2:12  Factory  
  22  2:13  SCV  
  23  2:20  Refinery  
  23  2:24  Barracks Reactor  
  23  2:29  SCV  
  24  2:39  Engineering Bay  
  24  2:47  SCV  
  25  2:54  Barracks  
  25  2:57  Factory Tech Lab  
  24  2:59  SCV  
  24  3:02  Orbital Command  
  24  3:04  Marine  
  26  3:07  Marine  
  27  3:17  Missile Turret  
  27  3:27  Marine x2  
  27  3:30  SCV  
  27  3:31  SCV  
  31  3:37  Missile Turret  
  31  3:42  SCV  
  31  3:46  Barracks Tech Lab  
  31  3:47  Marine x2  
  34  3:53  SCV  
  35  4:05  Supply Depot  
  35  4:10  Starport, Marine x2, SCV x2  
  35  4:11  Marine  
  40  4:20  Siege Tank  
  43  4:25  SCV x2  
  45  4:33  Marine  
  45  4:34  Marine x2  
  48  4:41  Missile Turret  
  45  4:51  Missile Turret  
  45  4:52  SCV x2  
  45  4:57  Siege Tank  
  45  4:58  Medivac  
  50  5:04  SCV  
  50  5:05  SCV  
  52  5:15  Marine x2  
  52  5:18  SCV  
  52  5:19  SCV  
  52  5:38  Supply Depot  
  52  5:48  SCV x2  
  54  5:56  Refinery  
  53  6:00  Siege Tank  
  53  6:03  Marine x3  
  59  6:05  Stimpack  
  59  6:07  Medivac  
  59  6:10  SCV  
  62  6:14  Supply Depot  
  62  6:20  Supply Depot  
  62  6:32  Supply Depot  
  62  6:35  Marine x3, SCV x2  
  62  6:36  Refinery  
  62  6:39  Starport Reactor  
  67  6:41  Terran Infantry Weapons Level 1  
  67  6:45  Supply Depot  
  67  6:48  SCV x2  
  67  6:53  Siege Tank  
  72  6:56  Supply Depot  
  72  7:02  SCV  
  72  7:06  Marine x3  
  76  7:11  Supply Depot  
  76  7:18  Medivac x2  
  76  7:19  SCV x2  
  76  7:22  Missile Turret  
  82  7:35  Supply Depot  
  82  7:38  Command Center  
  82  7:39  Marine  
  82  7:40  Marine x2  
  85  7:59  Marine  
  85  8:00  Marine x2  
  85  8:02  SCV x2  
  85  8:03  Barracks  
  85  8:05  Barracks, Siege Tank  
  93  8:08  Medivac  
  93  8:09  Medivac  
  97  8:13  Combat Shields  
  97  8:17  Supply Depot  
  97  8:19  SCV  
  99  8:20  SCV  
  99  8:23  Marine x2  
  99  8:24  Marine  
  102  8:38  Terran Infantry Armor Level 1  
  102  8:41  Marine x2, Armory  
  104  8:52  Barracks Reactor x2  
  104  8:58  Barracks  
  104  8:59  Starport  
  104  9:00  SCV  
  104  9:01  SCV  
  106  9:02  Liberator  
  106  9:03  Liberator  
  106  9:15  SCV  
  106  9:16  SCV  
  106  9:17  Marine x3  
  117  9:26  Missile Turret  
  117  9:30  Terran Ship Weapons Level 1  
  117  9:31  Supply Depot  
  117  9:33  Supply Depot  
  117  9:35  Marine x5  
  117  9:36  Marine  
  117  9:38  Marauder, Starport Reactor  
  125  9:42  Engineering Bay  
  125  9:43  Orbital Command  
  125  9:47  SCV x2  
  125  9:52  Barracks Reactor  
  127  9:57  Marine x5  
  127  9:59  Marine  
  133  10:04  Supply Depot, Liberator  
  133  10:05  Liberator  
  133  10:15  Terran Infantry Weapons Level 2  
  133  10:20  Supply Depot  
  139  10:29  Medivac x2  
  143  10:36  Marine x6  
  143  10:37  Marine x2  
  151  10:44  Starport  
  151  10:49  SCV x3  
  154  10:50  Supply Depot  
  154  10:52  Liberator x3  
  154  10:53  Liberator  
  154  11:06  Refinery  
  154  11:09  Refinery  
  166  11:17  Command Center  
  166  11:20  Supply Depot  
  166  11:24  SCV  
  166  11:25  Starport Reactor, SCV x2  
  170  11:40  SCV x3  
  172  11:50  Siege Tank  
  175  12:12  Supply Depot  
  175  12:15  Starport  
  175  12:28  Siege Tank  
  178  12:32  Barracks x2  
  178  12:45  Liberator x5  
  178  12:46  Liberator  
  178  12:54  Starport Reactor  
  196  13:12  Missile Turret  
  196  13:15  Missile Turret  
Show
View Real Time Build Order
Export as new Build Order

zeverus Protoss 

Build Orders: Oracle Opening 

Get SALT Encoding   

  12  0:01  Probe (Chrono Boost)  
  13  0:11  Probe (Chrono Boost)  
  14  0:17  Pylon  
  14  0:22  Probe (Chrono Boost)  
  15  0:36  Probe (Chrono Boost)  
  15  0:37  Gateway  
  16  0:46  Probe (Chrono Boost)  
  16  0:49  Assimilator  
  18  0:57  Probe (Chrono Boost)  
  18  0:59  Pylon  
  18  1:06  Assimilator  
  18  1:07  Probe (Chrono Boost)  
  19  1:18  Probe (Chrono Boost)  
  20  1:25  Cybernetics Core  
  20  1:28  Probe (Chrono Boost)  
  20  1:32  Zealot (Chrono Boost)  
  23  1:39  Probe  
  24  1:52  Probe  
  24  1:53  Pylon  
  25  2:04  Probe  
  25  2:08  Stargate  
  28  2:16  Stalker (Chrono Boost)  
  28  2:17  Warp Gate (Chrono Boost)  
  28  2:57  Oracle (Chrono Boost)  
  31  3:05  Gateway  
  31  3:07  Gateway  
  31  3:09  Gateway  
  31  3:20  Stalker (Chrono Boost)  
  33  3:30  Oracle  
  33  3:33  Probe  
  37  3:43  Pylon  
  37  4:15  Zealot x2  
  37  4:16  Stalker, Zealot  
  45  4:19  Pylon  
  45  4:56  Stalker x2  
  45  4:57  Stalker x2  
  53  5:10  Pylon  
  53  5:19  Void Ray (Chrono Boost)  
  39  5:30  Zealot x4  
  43  5:49  Nexus  
  43  6:01  Void Ray (Chrono Boost)  
  43  6:03  Pylon  
  47  6:05  Probe  
  47  6:06  Robotics Facility  
  48  6:18  Probe  
  49  6:30  Probe  
  50  6:33  Pylon  
  50  6:38  Pylon  
  50  6:40  Assimilator  
  50  6:42  Probe (Chrono Boost)  
  50  6:45  Assimilator  
  51  6:53  Probe (Chrono Boost)  
  52  6:56  Observer (Chrono Boost)  
  52  6:59  Probe  
  54  7:04  Probe  
  55  7:09  Probe  
  55  7:15  Observer (Chrono Boost)  
  57  7:16  Probe  
  57  7:19  Forge  
  57  7:20  Probe  
  57  7:21  Forge  
  59  7:33  Sentry  
  59  7:34  Sentry x3  
  67  7:45  Twilight Council  
  67  7:52  Pylon  
  67  7:57  Pylon  
  67  8:02  Photon Cannon  
  67  8:07  Photon Cannon  
  67  8:10  Probe  
  67  8:11  Probe  
  69  8:14  Protoss Ground Weapons Level 1  
  69  8:15  Protoss Ground Armor Level 1  
  69  8:23  Probe  
  70  8:33  Stalker x2  
  74  8:34  Stalker  
  76  8:52  Stalker  
  78  9:07  Blink (Chrono Boost)  
  78  9:10  Nexus  
  78  9:12  Pylon  
  78  9:35  Probe  
  78  9:36  Probe  
  78  9:37  Pylon  
  80  9:40  Stalker x2  
  80  9:41  Stalker  
  86  9:48  Probe  
  86  9:51  Probe  
  87  9:57  Zealot  
  90  10:00  Probe  
  90  10:02  Probe  
  90  10:06  Pylon  
  92  10:11  Immortal (Chrono Boost)  
  92  10:12  Probe  
  92  10:13  Probe  
  98  10:24  Probe x3, Assimilator  
  101  10:36  Probe x3  
  101  10:40  Protoss Ground Weapons Level 2 (Chrono Boost)  
  104  10:46  Probe  
  104  10:47  Probe  
  104  10:49  Probe  
  107  10:53  Protoss Ground Armor Level 2 (Chrono Boost)  
  107  11:01  Probe  
  108  11:09  Robotics Bay  
  108  11:11  Charge (Chrono Boost), Gateway  
  108  11:12  Gateway  
  108  11:15  Pylon  
  108  11:16  Observer (Chrono Boost)  
  109  11:25  Photon Cannon  
  109  11:34  Photon Cannon  
  109  11:42  Assimilator  
  109  11:43  Probe  
  109  11:44  Probe x2  
  112  11:47  Zealot  
  112  11:48  Zealot x3  
  112  11:50  Extended Thermal Lance (Chrono Boost)  
  112  11:52  Immortal (Chrono Boost)  
  124  11:56  Probe  
  125  12:22  Zealot x2  
  129  12:23  Nexus, Pylon  
  129  12:28  Pylon  
  129  12:33  Colossus (Chrono Boost)  
  135  12:41  Pylon  
  135  12:54  Pylon  
  135  12:56  Robotics Facility  
  135  13:04  Zealot x4  
  143  13:07  Sentry x2  
  147  13:15  Pylon  
  147  13:18  Pylon  
  152  13:42  Gateway  
  152  13:44  Gateway  
Tags
 
Add a new tag
Caveats
  • Supply blocks, unpowered buildings, or Contaminate may cause inaccurate times.
  • Supply counts are checked every 10 seconds.